 Dungeon Crawl Stone Soup version 0.18.2-3-g5ac21b8443 (webtiles) character file.

85 Crauler the Skirmisher (level 4, -5/50 HPs)
             Began as an Ogre Hunter on Oct 31, 2023.
             Killed by divine providence
             ... invoked by an orc priest
              (7 damage)
             ... on level 3 of the Dungeon.
             The game lasted 00:05:03 (2469 turns).

Crauler the Skirmisher (Ogre Hunter)                Turns: 2469, Time: 00:05:04

Health: -5/50      AC:  3    Str: 17    XL:     4   Next: 48%
Magic:  4/4        EV: 10    Int: 10    God:
Gold:   76         SH:  0    Dex: 11    Spells: 0 memorised, 3 levels left

rFire  + . .     SeeInvis .     n - +0 whip
rCold  . . .     Gourm    .     b - +0 robe
rNeg   . . .     Faith    .     (no shield)
rPois  .         Spirit   .     (helmet restricted)
rElec  .         Dismiss  .     (no cloak)
rCorr  .         Reflect  .     (gloves unavailable)
SustAt .         Harm     .     (boots unavailable)
MR     .....                    l - amulet of rage
Stlth  +.........               (no ring)
                                r - ring of protection from fire

@: not resistant to hostile enchantments, very unstealthy
A: unfitting armour, tough skin 1
a: Evoke Berserk Rage


You were on level 3 of the Dungeon.
You were not hungry.

You visited 1 branch of the dungeon, and saw 3 of its levels.

You collected 76 gold pieces.

Inventory:

Hand Weapons
 a - a +0 short sword
 n - a +0 whip (weapon)
Missiles
 c - 4 large rocks
 d - a throwing net (quivered)
 o - 4 poisoned needles
Armour
 b - a +0 robe (worn)
Jewellery
 l - an amulet of rage (around neck)
 r - a ring of protection from fire (left hand)
Scrolls
 e - 3 scrolls of remove curse {unknown}
 g - a scroll of magic mapping {unknown}
 j - a scroll of recharging {unknown}
 m - a scroll of identify {unknown}
 p - a scroll of teleportation {unknown}
 t - a scroll of immolation {unknown}
Potions
 k - a potion of curing {unknown}
 q - a potion of lignification {unknown}
 u - 2 potions of heal wounds {unknown}
Comestibles
 f - a bread ration
 h - 2 meat rations
 i - 4 fruits
 s - a slice of pizza
 v - a royal jelly


   Skills:
 - Level 5.0 Fighting
 + Level 3.1 Maces & Flails
 - Level 4.0 Throwing
 - Level 1.7 Dodging
 - Level 0.7 Stealth


You had 3 spell levels left.
You didn't know any spells.

Dungeon Overview and Level Annotations

Branches:
Dungeon (3/15)

Altars:
Vehumet


Innate Abilities, Weirdness & Mutations

You are too large for most types of armour.
You have tough skin (AC +1).


Message History

You throw a throwing net. The throwing net hits the orc priest.
The orc priest is caught in the net!
The orc priest is moderately wounded.
You barely miss the orc priest.
The orc priest is moderately wounded.
The orc priest struggles against the net.
You hit the orc priest but do no damage.
The orc priest is moderately wounded.
The orc priest struggles against the net.
You hit the orc priest but do no damage.
The orc priest is moderately wounded.
The orc priest struggles against the net.
You hit the orc priest but do no damage.
The orc priest is moderately wounded.
The orc priest struggles to escape the net.
You hit the orc priest.
The orc priest is heavily wounded.
The orc priest invokes the aid of Beogh against you.
Beogh smites you!
You die...

#################
.......<....)...#
.####...#######@#
.......# #o#
..####... (..
#.## ##.## #. #.#
## #.# #.# #.#


You could see an orc priest (caught).

Vanquished Creatures
  An ooze (D:1)
  4 worms (D:2)
  5 dart slugs (D:1)
  A giant gecko (D:2)
  3 orcs (D:3)
  2 giant cockroaches (D:2)
  4 goblins
  4 hobgoblins
  11 jackals (D:1)
  A bat (D:2)
  4 giant newts
  7 kobolds
  6 rats
  2 fungi (D:2)
55 creatures vanquished.

Notes
Turn   | Place    | Note
--------------------------------------------------------------
     0 | D:1      | Crauler the Ogre Hunter began the quest for the Orb.
     0 | D:1      | Reached XP level 1. HP: 22/22 MP: 1/1
   129 | D:1      | Reached skill level 3 in Fighting
   155 | D:1      | Reached XP level 2. HP: 10/31 MP: 2/2
   588 | D:1      | Reached skill level 4 in Fighting
   744 | D:1      | Reached XP level 3. HP: 20/40 MP: 3/3
  1000 | D:1      | Reached skill level 1 in Maces & Flails
  1584 | D:2      | Reached XP level 4. HP: 49/49 MP: 4/4
  1687 | D:2      | HP: 2/49 [worm (12)]
  2176 | D:2      | Found a radiant altar of Vehumet.
  2191 | D:2      | Reached skill level 5 in Fighting
  2463 | D:3      | HP: 1/50 [orc priest/mace (7)]
  2469 | D:3      | Killed from afar by an orc priest

Skill      XL: |  1  2  3  4 |
---------------+-------------+-----
Fighting       | 3 4 5 |  5.0
Maces & Flails | 2 3 |  3.1
Throwing       | |  4.0
Dodging        | |  1.7
Stealth        | |  0.7

Action                   |  1- 3 |  4- 6 || total
-------------------------+-------+-------++-------
Melee: Short sword       |   108 |       ||   108
       Whip              |    84 |   112 ||   196
Throw: Large rock        |     1 |     3 ||     4
       Throwing net      |       |     2 ||     2
 Stab: Distracted        |     1 |       ||     1
       Sleeping          |     2 |       ||     2
  Eat: Chunk             |     2 |     3 ||     5
Armor: Robe              |    69 |     5 ||    74
Dodge: Dodged            |    97 |    16 ||   113
